 Dungeon Crawl Stone Soup version 0.31-a0-472-g43a2ca8e1b (webtiles) character file.

Game seed: 13647188841701173821

310 MacCMillion the Ruffian (level 6, -1/44 HPs)
             Began as a Merfolk Shapeshifter on Aug 6, 2023.
             Slain by a howler monkey (6 damage)
             ... on level 5 of the Dungeon.
             The game lasted 00:05:59 (3606 turns).

MacCMillion the Ruffian (Merfolk Shapeshifter)      Turns: 3606, Time: 00:05:59

Health: -1/44      AC:  5    Str: 18    XL:     6   Next: 41%
Magic:  6/6        EV: 11    Int:  7    God:
Gold:   257        SH:  0    Dex: 14    Spells: 5/5 levels left

rFire   + .          .
                       - Unarmed
rCold   . . .        (no shield)
rNeg    + . .        f - +0 ring mail
rPois   .            (helmet currently unavailable)
rElec   .            (cloak currently unavailable)
rCorr   .            (gloves currently unavailable)
SInv    .            (boots currently unavailable)
Will    .....        (no amulet) Stlth
                     k - ring of positive energy
HPRegen 0.27/turn    t - ring of protection from fire
MPRegen 0.10/turn

%: no passive effects
@: confused, lethally poisoned (-1 -> -5), beast-form, attractive
A: beast (slay +3), (nimble swimmer 2), mertail
a: Begin Untransformation


You were on level 5 of the Dungeon.
You were a hulking beast.
You visited 2 branches of the dungeon, and saw 6 of its levels.

You collected 257 gold pieces.

Inventory:

Missiles
 v - 6 poisoned darts
Armour
 f - a +0 ring mail (worn)
 w - a scarf of shadows
 x - the +1 pair of boots of Broken Taboos {rN++ Regen+ MP+9 Dex-2}
   (You found it on level 4 of the Dungeon)

   Dex:       It affects your dexterity (-2).
   rN:        It greatly protects you from negative energy.
   MP:        It affects your magic capacity (+9).
   Regen:     It increases your rate of health regeneration.
Jewellery
 g - an amulet of magic regeneration
 k - a ring of positive energy (left hand)
 t - a ring of protection from fire (right hand)
Talismans
 c - a beast talisman (active)
Scrolls
 a - a scroll of identify {unknown}
 h - 3 scrolls of fog
 i - a scroll of revelation {unknown}
 j - 2 scrolls of enchant armour {unknown}
 m - 3 scrolls of noise
 o - 3 scrolls of teleportation {unknown}
 p - a scroll of blinking {unknown}
 q - a scroll of vulnerability {unknown}
 s - 2 scrolls of immolation {unknown}
 u - a scroll of torment {unknown}
Potions
 b - a potion of lignification
 d - a potion of attraction
 e - a potion of invisibility {unknown}
 l - 2 potions of haste {unknown}
 n - 2 potions of curing {unknown}
 r - 2 potions of heal wounds {unknown}
 z - a potion of brilliance {unknown}


   Skills:
 - Level 1.9 Fighting
 - Level 2.6 Dodging
 * Level 6.5 Unarmed Combat
 + Level 5.4 Shapeshifting


You had 5 spell levels left.
You didn't know any spells.
Your spell library contained the following spells:

 Spells                   Type           Power      Damage    Failure   Level
 Magic Dart               Conj           0%         1d3       63%         1
 Call Imp                 Summ           0%         N/A       77%         2
 Mephitic Cloud           Conj/Pois/Air  0%         N/A       94%         3
 Summon Guardian Golem    Hex/Summ       0%         N/A       94%         3
 Plasma Beam              Fire/Air       0%         2x1d10    100%        6
 Fire Storm               Conj/Fire      0%         5d1       100%        9


Dungeon Overview and Level Annotations

Branches:
Dungeon (5/15)             Temple (1/1) D:4

Altars:
Cheibriados
Dithmenos
Elyvilon
Fedhas
Hepliaklqana
Nemelex Xobeh
Ru
Trog
Vehumet
Wu Jian
Xom
Zin
The Shining One

Shops:
D:1 (=?


Innate Abilities, Weirdness & Mutations

You are a hulking beast.
Your limbs bulge with bestial killing power. (Slay +3)
((You are very nimble when in or above water. (Stealth+, EV+, Speed+++)))
Your lower body shifts to a powerful aquatic tail in water.


Message History

The orc wizard points at you and mumbles some strange words.
The puff of flame hits you. You resist. The orc wizard closely misses you.
You closely miss something.
You feel sick.
The howler monkey hoots and howls with incredible vigour!
Something hits you.
The orc wizard gestures at you while chanting.
You are confused.
The orc wizard hits you with a +0 dagger.
You hear a shout! x4; You hear a bark!
The orc wizard attacks as you move away!
The orc wizard hits you with a +0 dagger.
You feel sick. Something hits you but does no damage.
You feel sick. The howler monkey barely misses you.
You hear some strange, mumbled words.
You are more confused.
You completely miss something.
You feel sick.
You are no longer poisoned.
The howler monkey completely misses you.
You completely miss something.
The howler monkey hoots and howls with incredible vigour!
The orc wizard hits you with a +1 dagger of venom.
You are poisoned.
Something hits you but does no damage.
You punch the howler monkey!
The howler monkey is moderately wounded.
You feel sick.
The howler monkey hits you but does no damage.
The orc wizard casts a spell at you. The puff of flame hits you. You resist.
* * * LOW HITPOINT WARNING * * *
Something hits you but does no damage.
The orc wizard attacks as you move away!
The orc wizard closely misses you.
You feel sick. The howler monkey hits you.
* * * LOW HITPOINT WARNING * * *
The howler monkey closely misses you.
Unknown command.
It was a potion of attraction.
You feel attractive to monsters.
You feel sick. The howler monkey hits you.
You die...

##....#######
#...........#
##.......####
#....##..####
#...........# ######
#....####...# ##....##
#....#####..###....... #
###..........#.oh.###..###
#.<.....^......ho.'.#.....
###..........##.###.###.#.
.<............#..:..#.#
..#.####....>..###.###.#
#.##.# #.........#.# ...
#. ..# #.........### .# ..
### ###.###.... . .# #.
#.....


You could see a howler monkey and 2 orc wizards.

Vanquished Creatures
  Menkaure (D:4)
  Pargi (D:3)
  A hound (D:4)
  2 adders
  2 dart slugs
  An orc (D:3)
  An endoplasm (D:1)
  3 giant cockroaches
  4 goblins
  6 hobgoblins
  3 quokkas
  2 ball pythons
  3 bats
  A frilled lizard (D:1)
  12 kobolds
  4 rats
47 creatures vanquished.

Notes
Turn   | Place    | Note
-------+----------+-------------------------------------------
     0 | D:1      | MacCMillion the Merfolk Shapeshifter began the quest for
                  | the Orb.
     0 | D:1      | Reached XP level 1. HP: 15/15 MP: 1/1
   215 | D:1      | Reached XP level 2. HP: 21/21 MP: 2/2
   345 | D:1      | Got the Almanac of the Supportive Pyromaniac
   496 | D:1      | Found Momusk's Weapon Emporium.
   609 | D:1      | Found Ecaaqex's Magic Scroll Boutique.
   623 | D:1      | Reached skill level 4 in Unarmed Combat
   665 | D:1      | Found Sirodeaw's Jewellery Emporium.
  1117 | D:2      | Reached XP level 3. HP: 27/27 MP: 3/3
  1172 | D:2      | Found a sacrificial altar of Ru.
  1533 | D:2      | Found a faded altar of an unknown god.
  1925 | D:3      | Reached XP level 4. HP: 33/33 MP: 4/4
  2233 | D:3      | Found a shimmering altar of Xom.
  2328 | D:3      | Found a glowing silver altar of Zin.
  2363 | D:3      | Noticed Pargi
  2383 | D:3      | Killed Pargi
  2384 | D:3      | Reached skill level 5 in Unarmed Combat
  2384 | D:3      | Reached XP level 5. HP: 17/38 MP: 5/5
  2502 | D:3      | Identified the +4 whip "Zeutoih" {vamp, rElec rC+ rCorr
                  | Stlth+}
  2560 | D:4      | Noticed Menkaure
  2729 | D:4      | Reached skill level 5 in Shapeshifting
  2824 | D:4      | Found a white marble altar of Elyvilon.
  2843 | D:4      | Identified the +1 pair of boots of Broken Taboos {rN++
                  | Regen+ MP+9 Dex-2}
  2900 | D:4      | Found a staircase to the Ecumenical Temple.
  2909 | Temple   | Entered the Ecumenical Temple
  3082 | D:4      | Killed Menkaure
  3083 | D:4      | Reached skill level 6 in Unarmed Combat
  3083 | D:4      | Reached XP level 6. HP: 24/44 MP: 6/6
  3213 | D:4      | Found a sparkling altar of Nemelex Xobeh.
  3552 | D:5      | Entered Level 5 of the Dungeon
  3606 | D:5      | Slain by a howler monkey

Illustrated notes

Levels and vault maps discovered:
D:1:      scummos_arrival_gate, layout_basic, serial_shops,
          nicolae_shop_real_fake_doors, nicolae_shop_tiny_waterfront,
          shop_scrolls, kennysheep_doodads, feat_on_display
D:2:      layout_loops_ring, shapermc_ecumenical_altar_petra, basic_altar,
          roderic_lattice_a
D:3:      layout_loops_ring, nicolae_overflow_crystal_walls, lemuel_round_altar,
          uniq_pargi
D:4:      layout_basic, mainiacjoe_overflow_catwalk, elyvilon_altar_3,
          minmay_temple_entry_overgrown, uniq_menkaure
D:5:      minmay_evil_eye, layout_rooms, nicolae_qazlal_general_emergency,
          okawaru_altar_gauntlet_db, marbit_many_paths, lightli_temple_of_fire,
          chequers_serial_rivers_micro_a, minmay_a_box_with_orc_wizards_in_it
Temple:   hellmonk_temple_flake

Skill      XL: |  1  2  3  4  5 |
---------------+----------------+-----
Unarmed Combat | 4 5 6 |  6.5
Shapeshifting  | 5 |  5.4
Fighting       | |  1.9
Dodging        | |  2.6

Action                     |  1- 3 |  4- 6 || total
---------------------------+-------+-------++-------
  Melee: Unarmed           |    92 |    48 ||   140
         Punch             |     2 |     1 ||     3
    Use: Scroll            |     3 |       ||     3
         Potion            |       |     2 ||     2
 Armour: Animal skin       |     1 |       ||     1
         Ring mail         |    36 |    18 ||    54
         Skin              |       |    17 ||    17
  Dodge: Dodged            |    45 |    23 ||    68

Table legend: (Time is in decaauts)
 A = Elapsed time spent in this place.
 B = Non-inter-level travel time spent in this place.
 C = Inter-level travel time spent in this place.
 D = Time resting spent in this place.
 E = Time spent auto-exploring this place.
 F = Levels seen in this place.
 G = Mean time per level.
                   A        B        C        D        E       F      G
               +--------+--------+--------+--------+--------+-----+--------+
         Total |   3577 |   3315 |    262 |    265 |   2578 |   6 |  596.2 |
       Dungeon |   3549 |   3287 |    262 |    265 |   2578 |   5 |  709.8 |
        Temple |     27 |     27 |      0 |      0 |      0 |   1 |   27.0 |
               +--------+--------+--------+--------+--------+-----+--------+

Top non-repeatable levels by time:
     D:3: 975 daAuts
     D:1: 904 daAuts
     D:4: 817 daAuts
     D:2: 798 daAuts
     D:5: 52 daAuts
  Temple: 27 daAuts
